 Dungeon Crawl Stone Soup version 0.28-a0-1594-ga885d4b3d6 (webtiles) character file.

Game seed: 4138130965922846464

65 willcat the Skirmisher (level 4, 0/49 HPs)
             Began as an Ogre Fighter on Jan 20, 2022.
             Succumbed to an adder's poison
             ... on level 3 of the Dungeon.
             The game lasted 00:01:19 (2305 turns).

willcat the Skirmisher (Ogre Fighter)               Turns: 2305, Time: 00:01:19

Health: 0/49       AC:  3    Str: 20    XL:     4   Next: 13%
Magic:  13/13      EV: 23    Int: 11    God:
Gold:   55         SH:  7    Dex:  8    Spells: 3/3 levels left

rFire   . . .      SeeInvis .   a - +0 war axe
rCold   . . .      Faith    .   c - +0 kite shield
rNeg    . . .      Spirit   .   b - +0 robe
rPois   .          Reflect  .   (helmet restricted)
rElec   .          Harm     .   (no cloak)
rCorr   .          Rampage  .   (gloves unavailable)
Will    .....                   (boots unavailable)
Stlth   +.........              f - amulet of the acrobat
HPRegen 0.16/turn               g - ring of wizardry
MPRegen 0.13/turn               j - ring of magical power

@: mighty, lethally poisoned (0 -> -1), acrobatic
A: large, unfitting armour, tough skin 1
a: no special abilities


You were on level 3 of the Dungeon.
You visited 1 branch of the dungeon, and saw 3 of its levels.

You collected 55 gold pieces.

Inventory:

Hand Weapons
 a - a +0 war axe (weapon)
Armour
 b - a +0 robe (worn)
 c - a +0 kite shield (worn)
Jewellery
 f - an amulet of the acrobat (around neck)
 g - a ring of wizardry (left hand)
 j - a ring of magical power (right hand)
Scrolls
 e - a scroll of silence {unknown}
 h - a scroll of identify {unknown}
 i - 4 scrolls of teleportation {unknown}
 k - a scroll of acquirement {unknown}
 l - a scroll of vulnerability {unknown}
Potions
 d - a potion of might


   Skills:
 + Level 4.7 Fighting
 + Level 2.6 Axes
 + Level 3.2 Dodging
 + Level 3.1 Shields
 + Level 0.2 Spellcasting


You had 3 spell levels left.
You didn't know any spells.
Your spell library was empty.

Dungeon Overview and Level Annotations

Branches:
Dungeon (3/15)

Altars:


Innate Abilities, Weirdness & Mutations

You are too large for most types of armour.
You have tough skin. (AC +1)


Message History

You are too injured to fight recklessly!
You are too injured to fight recklessly!
You are too injured to fight recklessly!
You are too injured to fight recklessly!
You are too injured to fight recklessly!
You are too injured to fight recklessly!
You are too injured to fight recklessly!
Unknown command.
You hit the adder.
The adder is lightly wounded.
You feel very sick. The adder bites you. The adder barely misses you.
You miss the adder.
The adder is lightly wounded.
* * * LOW HITPOINT WARNING * * *
You feel very sick. You block the adder's attack. x2
You closely miss the adder.
The adder is lightly wounded.
* * * LOW HITPOINT WARNING * * *
You feel very sick. You block the adder's attack. The adder bites you.
* * * LOW HITPOINT WARNING * * *
Unknown command.
Okay, then.
You feel very mighty all of a sudden.
* * * LOW HITPOINT WARNING * * *
You feel sick. You block the adder's attack.
Unknown command.
You slash the adder!
You kill the adder!
* * * LOW HITPOINT WARNING * * *
You feel sick.
You have reached level 4!
Unknown command.
* * * LOW HITPOINT WARNING * * *
You feel sick.
* * * LOW HITPOINT WARNING * * *
You feel sick.
You die...

### #.#### #
#....#### #.
#.##....# #..
#.###...####
#...###.#
#......## ##
#....@..#
#...##..###.
##.###..#
#...(.......
#.##
#....#######
#..# #....###
#.†....#........
#.####.#...###
.. ... .#...#
#.# #.. ..#..
#.. #.. ...... #


There were no monsters in sight!

Vanquished Creatures
  3 adders
  2 worms (D:2)
  4 endoplasms
  2 giant cockroaches (D:2)
  3 goblins
  2 hobgoblins (D:2)
  4 quokkas
  3 ball pythons (D:2)
  3 bats
  A frilled lizard (D:1)
  A kobold (D:1)
  4 rats
32 creatures vanquished.

Notes
Turn   | Place    | Note
-------+----------+-------------------------------------------
     0 | D:1      | willcat the Ogre Fighter began the quest for the Orb.
     0 | D:1      | Reached XP level 1. HP: 24/24 MP: 1/1
   508 | D:1      | Reached XP level 2. HP: 21/32 MP: 2/2
  1468 | D:2      | Reached XP level 3. HP: 9/40 MP: 3/3
  1717 | D:2      | Found a faded altar of an unknown god.
  2302 | D:3      | HP: 2/40 [poisoned by an adder]
  2303 | D:3      | Reached XP level 4. HP: 3/49 MP: 4/4
  2305 | D:3      | Succumbed to an adder's poison

Illustrated notes

Levels and vault maps discovered:
D:1:      tarquinn_simple_flora_water_e, layout_basic
D:2:      layout_rooms, ebering_ecumenical_altar_box, kennysheep_generic_room_5
D:3:      layout_rooms, kennysheep_potato

Skill      XL: |  1  2 |
---------------+-------+-----
Dodging        | 3 |  3.2
Shields        | 3 |  3.1
Fighting       | |  4.7
Axes           | |  2.6
Spellcasting   | |  0.2

Action                   |  1- 3 |  4- 6 || total
-------------------------+-------+-------++-------
Melee: War axe           |   125 |       ||   125
  Use: Potion            |     1 |       ||     1
Armor: Robe              |    37 |       ||    37
Dodge: Dodged            |    58 |       ||    58
Block: Kite shield       |    49 |       ||    49

Table legend: (Time is in decaauts)
 A = Elapsed time spent in this place.
 B = Non-inter-level travel time spent in this place.
 C = Inter-level travel time spent in this place.
 D = Time resting spent in this place.
 E = Time spent auto-exploring this place.
 F = Levels seen in this place.
 G = Mean time per level.
                   A        B        C        D        E       F      G
               +--------+--------+--------+--------+--------+-----+--------+
         Total |   2368 |   2359 |      9 |    430 |   1622 |   3 |  789.3 |
       Dungeon |   2368 |   2359 |      9 |    430 |   1622 |   3 |  789.3 |
               +--------+--------+--------+--------+--------+-----+--------+

Top non-repeatable levels by time:
     D:1: 1209 daAuts
     D:2: 921 daAuts
     D:3: 237 daAuts
